 Dungeon Crawl Stone Soup version 0.28.0-1-gb440e238dd (webtiles) character file.

Game seed: 7581842570811308654

1327 issech the Cutter (level 8, -9/79 HPs)
             Began as a Troll Monk on Feb 27, 2022.
             Mangled by an orc priest (12 damage)
             ... on level 5 of the Dungeon.
             The game lasted 00:20:07 (4615 turns).

issech the Cutter (Troll Monk)                      Turns: 4615, Time: 00:20:07

Health: -9/79      AC:  5    Str: 20    XL:     8   Next: 34%
Magic:  7/7        EV: 11    Int:  6    God:
Gold:   303        SH:  5    Dex: 14    Spells: 7/7 levels left

rFire   . . .      SeeInvis .   f - +3 short sword
rCold   . . .      Faith    .   (no shield)
rNeg    + . .      Spirit   .   b - +0 robe
rPois   .          Reflect  +   (helmet restricted)
rElec   .          Harm     .   r - +0 cloak
rCorr   .          Rampage  .   (gloves unavailable)
Will    +....                   (boots unavailable)
Stlth   ++........              s - amulet of reflection
HPRegen 1.03/turn               B - ring of willpower
MPRegen 0.10/turn               A - ring of positive energy

@: no status effects
A: large, unfitting armour, claws 3, regeneration 1, shaggy fur 1, tough skin 1
a: no special abilities


You were on level 5 of the Dungeon.
You visited 1 branch of the dungeon, and saw 5 of its levels.
You also visited: Sewer.

You collected 303 gold pieces.

Inventory:

Hand Weapons
 a - a +0 mace
 f - a +3 short sword (weapon)
 q - a +2 quarterstaff of chaos
 u - a +0 shortbow
Missiles
 e - 91 stones
 l - 59 sling bullets
 m - 108 arrows
 o - 76 bolts
 v - 37 poisoned darts
 y - 5 large rocks (quivered)
 E - 3 boomerangs
Armour
 b - a +0 robe (worn)
 r - a +0 cloak (worn)
Magical Staves
 D - a staff of poison
Jewellery
 c - a ring of ice
 s - an amulet of reflection (around neck)
 t - an amulet of faith
 A - a ring of positive energy (right claw)
 B - a ring of willpower (left claw)
Wands
 i - a wand of flame (25)
Scrolls
 h - 2 scrolls of fog
 k - a scroll of identify
 x - 2 scrolls of teleportation
 C - a scroll of immolation
 G - 2 scrolls of magic mapping
 H - a scroll of vulnerability
Potions
 d - 7 potions of heal wounds
 g - a potion of brilliance
 j - 2 potions of berserk rage
 n - a potion of flight
 p - 2 potions of curing
 w - a potion of invisibility {unknown}
 z - 2 potions of might {unknown}
 F - a potion of haste


   Skills:
 + Level 4.4 Fighting
 + Level 5.0 Short Blades
 + Level 3.5 Maces & Flails
 + Level 4.7 Dodging
 + Level 2.1 Stealth
 + Level 1.2 Shields


You had 7 spell levels left.
You didn't know any spells.
Your spell library contained the following spells:

 Spells                   Type           Power      Damage    Failure   Level
 Animate Skeleton         Necr           0%         N/A       45%         1
 Pain                     Necr           0%         1d4       45%         1
 Vampiric Draining        Necr           0%         2d6       83%         3
 Agony                    Necr           0%         N/A       100%        5
 Excruciating Wounds      Necr           0%         N/A       100%        5
 Summon Forest            Summ/Tloc      0%         N/A       100%        5
 Eringya's Noxious Bog    Tmut/Pois      0%         N/A       100%        6
 Summon Hydra             Summ           0%         N/A       100%        7


Dungeon Overview and Level Annotations

Branches:
Dungeon (5/15)              Sewer (visited)
 Temple: D:4-7

Altars:
Elyvilon
Fedhas


Innate Abilities, Weirdness & Mutations

You are too large for most types of armour.
You have claws for hands.
Your natural rate of healing is unusually fast.
You are covered in fur. (AC +1)
You have tough skin. (AC +1)


Message History

You are electrocuted!
You hit the orc priest but do no damage.
You feel sick.
You hit the orc priest but do no damage.
The orc priest barely misses you.
You barely miss the orc priest.
You feel sick.
You are no longer poisoned.
The orc priest calls down the wrath of Beogh upon you.
Pain shoots through your body!
* * * LOW HITPOINT WARNING * * *
You hit the orc priest but do no damage.
The orc priest hits you with a +2 whip of electrocution.
* * * LOW HITPOINT WARNING * * *
You hit the orc priest but do no damage.
Your claw misses the orc priest.
The orc priest hits you but does no damage.
You barely miss the orc priest.
The orc priest hits you with a +2 whip of electrocution.
* * * LOW HITPOINT WARNING * * *
You closely miss the orc priest. You barely miss the orc priest.
The orc priest invokes the aid of Beogh against you.
Beogh smites you!
* * * LOW HITPOINT WARNING * * *
You closely miss the orc priest. Your claw misses the orc priest.
The orc priest hits you with a +2 whip of electrocution.
* * * LOW HITPOINT WARNING * * *
Unknown command.
You barely miss the orc priest.
The orc priest looks braver for a moment.
You hit the orc priest but do no damage.
The orc priest miscasts a cantrip.
You hit the orc priest but do no damage.
You hit the orc priest but do no damage.
The orc priest closely misses you.
You closely miss the orc priest.
The orc priest hits you with a +2 whip of electrocution.
* * * LOW HITPOINT WARNING * * *
You are electrocuted!
You die...

#..........#
#.########.# #.
#.########## #.
#.>.....)... #. ###
############ #. $.#
## #.#### ####
.#########.##.. ....
.......o@..##.# ####
#########..##.#######
#. #....[).....# #.
##.##.#####.# #.
#....# #.# #. ######
#.####. #......
######. #.


You could see an orc priest.

Vanquished Creatures
  An orc warrior (D:4)
  2 black bears (D:4)
  A centaur (D:5)
  2 phantoms
  4 kobold brigands (Sewer)
  A scorpion (D:4)
  2 hounds
  A jelly (D:4)
  Crazy Yiuf (D:3)
  Jessica (D:2)
  3 iguanas
  Natasha (thrice) (D:2)
  2 orc wizards (D:5)
  A hound skeleton (D:4)
  5 adders
  An adder skeleton (D:4)
  3 worms
  A dart slug (D:1)
  12 orcs
  4 endoplasms
  5 giant cockroaches
  5 goblins
  8 hobgoblins
  3 jackals (D:2)
  18 kobolds
  2 quokkas (D:1)
  13 ball pythons
  7 bats
  5 frilled lizards
  15 rats
132 creatures vanquished.

Vanquished Creatures (others)
  An endoplasm (D:1)
  A hobgoblin (D:1)
  A fungus (Sewer)
  3 plants (Sewer)
6 creatures vanquished.

Grand Total: 138 creatures vanquished

Notes
Turn   | Place    | Note
-------+----------+-------------------------------------------
     0 | D:1      | issech the Troll Monk began the quest for the Orb.
     0 | D:1      | Reached XP level 1. HP: 22/22 MP: 0/0
    83 | D:1      | Reached XP level 2. HP: 29/29 MP: 1/1
   652 | D:1      | Found a blossoming altar of Fedhas.
   733 | D:2      | Reached XP level 3. HP: 36/36 MP: 2/2
   742 | D:2      | Noticed Natasha
   759 | D:2      | Killed Natasha
   793 | D:2      | Noticed Natasha
   803 | D:2      | Killed Natasha
   804 | D:2      | Reached XP level 4. HP: 22/45 MP: 3/3
   948 | D:2      | Noticed Natasha
   954 | D:2      | Killed Natasha
   955 | D:2      | Reached skill level 1 in Short Blades
  1108 | D:2      | Noticed Jessica
  1116 | D:2      | Killed Jessica
  1117 | D:2      | Reached XP level 5. HP: 51/53 MP: 4/4
  1301 | D:2      | Found a faded altar of an unknown god.
  1962 | D:3      | Found a runed translucent door.
  1963 | D:3      | Noticed Crazy Yiuf
  2350 | D:3      | Killed Crazy Yiuf
  2512 | D:4      | Reached skill level 2 in Short Blades
  2566 | D:4      | Reached XP level 6. HP: 57/61 MP: 5/5
  2679 | D:5      | Entered Level 5 of the Dungeon
  2691 | D:5      | Reached skill level 3 in Short Blades
  2695 | D:5      | Found a glowing drain.
  2765 | Sewer    | Entered a sewer
  2869 | Sewer    | Reached XP level 7. HP: 46/68 MP: 6/6
  3300 | D:4      | Reached skill level 4 in Short Blades
  3743 | D:4      | Reached skill level 1 in Shields
  3743 | D:4      | Reached XP level 8. HP: 48/78 MP: 7/7
  4116 | D:5      | Found a white marble altar of Elyvilon.
  4422 | D:5      | Noticed Menkaure
  4595 | D:5      | Reached skill level 5 in Short Blades
  4609 | D:5      | HP: 3/79 [orc priest (6)]
  4615 | D:5      | HP: 3/79 [orc priest (5)]
  4615 | D:5      | Mangled by an orc priest

Illustrated notes

Levels and vault maps discovered:
D:1:      dpeg_arrival_water_altar, layout_basic, st_stairs_5,
          lemuel_flame_loot_1
D:2:      layout_loops_ring, chequers_ecumenical_altar_twisty,
          minmay_pentomino_z2, uniq_jessica, uniq_natasha
D:3:      layout_loops_ring, chequers_decorated_corner, uniq_crazy_yiuf_cottage
D:4:      layout_basic, minmay_between
D:5:      layout_loops_ring, elyvilon_altar_5, portal_sewer_entry_a,
          minmay_holes, uniq_menkaure

Skill      XL: |  1  2  3  4  5  6  7  8 |
---------------+-------------------------+-----
Maces & Flails | 3 |  3.5
Fighting       | 3 4 |  4.4
Dodging        | 3 4 |  4.7
Short Blades   | 1 2 3 4 5 |  5.0
Stealth        | 2 |  2.1
Shields        | 1 |  1.2

Action                   |  1- 3 |  4- 6 |  7- 9 || total
-------------------------+-------+-------+-------++-------
Melee: Mace              |    31 |       |       ||    31
       Short sword       |    44 |   241 |   253 ||   538
       Punch             |       |     1 |     6 ||     7
  Use: Scroll            |       |     7 |     3 ||    10
 Stab: Sleeping          |     2 |     5 |     2 ||     9
Armor: Robe              |    24 |    98 |    63 ||   185
Dodge: Dodged            |    46 |   132 |   116 ||   294
Block: Other             |       |     4 |    41 ||    45
       Reflection        |       |       |     2 ||     2
